 Dungeon Crawl Stone Soup version 0.25.1-11-g244df3a29b (webtiles) character file.

Game seed: 9071195775074336308

152 XomNomNom the Cudgeler (level 5, -3/47 HPs)
             Began as a Troll Chaos Knight on Oct 4, 2023.
             Was a Plaything of Xom.
             Slain by Sigmund the porcupine (10 damage)
             ... on level 2 of the Dungeon.
             The game lasted 00:17:03 (2850 turns).

XomNomNom the Cudgeler (Troll Chaos Knight)         Turns: 2850, Time: 00:17:03

Health: -3/47      AC:  8    Str: 19 (20) XL:     5   Next: 11%
Magic:  4/4        EV: 10    Int:  7 (8)  God:    Xom [..*...]
Gold:   214        SH:  0    Dex: 10      Spells: 4/4 levels left

rFire    + . .     SeeInvis .   a - +0 mace (chaos)
rCold    x . .     Gourm    +   (no shield)
rNeg     . . .     Faith    .   b - +2 robe
rPois    .         Spirit   .   (helmet restricted)
rElec    .         Reflect  .   (no cloak)
rCorr    .         Harm     .   (gloves unavailable)
MR       .....                  (boots unavailable)
Stlth    +.........             (no amulet)
HPRegen  0.55/turn              i - ring of fire
MPRegen  0.09/turn              (no ring)

@: no status effects
A: large, unfitting armour, claws 3, deterioration 1, fast metabolism 3, frail
1, gourmand, regeneration 1, shaggy fur 1, tough skin 3
a: Renounce Religion


You were on level 2 of the Dungeon.
You worshipped Xom.
You were a toy of Xom.
You were full.

You visited 1 branch of the dungeon, and saw 3 of its levels.

You collected 214 gold pieces.

Inventory:

Hand Weapons
 a - a +0 mace of chaos (weapon)
 h - a +1 short sword of holy wrath
Missiles
 e - 57 poisoned darts (quivered)
 g - 39 arrows
Armour
 b - a +2 robe (worn)
Jewellery
 i - a ring of fire (left claw)
Scrolls
 d - a scroll of fear {unknown}
 f - a scroll of remove curse {unknown}
 l - a scroll of enchant weapon {unknown}
 n - a scroll of magic mapping {unknown}
 o - a scroll of amnesia {unknown}
Potions
 k - a potion of haste
 p - a potion of might
Comestibles
 c - 9 rations


   Skills:
 + Level 3.2 Fighting
 + Level 4.1 Maces & Flails
 + Level 2.7 Dodging
 + Level 0.1 Stealth


You had 4 spell levels left.
You didn't know any spells.
Your spell library was empty.

Dungeon Overview and Level Annotations

Branches:
Dungeon (3/15)

Altars:

Annotations:
D:2 Sigmund


Innate Abilities, Weirdness & Mutations

You are too large for most types of armour.
You have claws for hands.
Your metabolism is lightning-fast.
You like to eat raw meat.
Your natural rate of healing is unusually fast.
You are covered in fur. (AC +1)
You have extremely tough skin. (AC +3)
Your body sometimes deteriorates upon taking damage.
You are frail. (-10% HP)


Message History

Sigmund is moderately wounded.
Sigmund bites you.
* * * LOW HITPOINT WARNING * * *
Sigmund twitches its whiskers.
Sigmund barely misses you.
You are struck by Sigmund's spines.
* * * LOW HITPOINT WARNING * * *
You sock Sigmund!
You feel better.
Sigmund is almost dead.
Sigmund barely misses you. x2
You miss Sigmund.
Sigmund is almost dead.
Sigmund bites you!
* * * LOW HITPOINT WARNING * * *
Your body deteriorates!
You feel dopey. Sigmund barely misses you. Sigmund closely misses you.
Sigmund bites you!
You die...
Xom is highly amused!

..........#######.#.......... #.
##.#######........#.#.##.#..####.
...#.....#.#...####.#............
####.###.#.#.#.# #.#............
# #.# #.#.#.#.####.##.#....#....
# #.###.#........#.#.......#.##.
# #.#...#..........#..#.#..#.##.
# #.#.###.###)##r#..............
# #.#.# #.#....@.###.#####.#.##.
# #.#.# #.#.#.#............#....
####.#.# #.#.#.#.####.##########.
.....#.# #.# #(#.# #.# #.
.#####.# #.# #(#.# #.# #. .# #.#
#)# (.#.# #.# #.
.#####.###.#####.# #.# .
.................# #.#
######.###.####### #.#


You could see Sigmund the porcupine (fast).

Vanquished Creatures
  An orc priest (D:3)
  4 adders
  3 worms
  4 dart slugs
  A leopard gecko (D:1)
  5 orcs (D:3)
  3 bats
  2 giant cockroaches
  4 goblins
  5 hobgoblins
  3 jackals (D:3)
  7 kobolds
  A quokka (D:3)
  2 ball pythons
  4 frilled lizards
  23 rats
72 creatures vanquished.

Notes
Turn   | Place    | Note
-------+----------+-------------------------------------------
     0 | D:1      | XomNomNom the Troll Chaos Knight began the quest for the
                  | Orb.
     0 | D:1      | Reached XP level 1. HP: 22/22 MP: 0/0
   276 | D:1      | XOM: noise
   365 | D:1      | Reached skill level 3 in Maces & Flails
   365 | D:1      | Reached XP level 2. HP: 29/29 MP: 1/1
   479 | D:1      | XOM: divination: detect creatures
   648 | D:1      | XOM: noise
   699 | D:1      | XOM: stat loss: -1 Dex (8/9)
  1047 | D:2      | Reached XP level 3. HP: 36/36 MP: 2/2
  1093 | D:2      | XOM: 2-stop teleportation journey
  1173 | D:2      | Noticed Sigmund
  1204 | D:3      | Reached XP level 4. HP: 14/45 MP: 3/3
  1220 | D:3      | HP: 2/45 [kobold/+0 club (1)]
  1363 | D:3      | XOM: 9-stop teleportation journey
  1656 | D:3      | Reached skill level 4 in Maces & Flails
  1837 | D:3      | XOM: cast spell 'Disjunction'
  1873 | D:3      | Reached XP level 5. HP: 52/53 MP: 4/4
  2183 | D:2      | XOM: 7-stop teleportation journey
  2557 | D:2      | XOM: give mutations
  2557 | D:2      | Gained mutation: You are clumsy. (Dex -2) [Xom's mischief]
  2557 | D:2      | Lost mutation: You are clumsy. (Dex -2) [Xom's mischief]
  2557 | D:2      | Gained mutation: Your body sometimes deteriorates upon
                  | taking damage. [Xom's mischief]
  2557 | D:2      | Gained mutation: You are frail. (-10% HP) [Xom's mischief]
  2825 | D:2      | XOM: noise
  2834 | D:2      | Noticed Sigmund
  2834 | D:2      | Sigmund changed into Sigmund the swamp drake
  2834 | D:2      | XOM: polymorph Sigmund -> Sigmund the swamp drake
  2844 | D:2      | Noticed Sigmund
  2844 | D:2      | Sigmund the swamp drake changed into Sigmund the worm
  2844 | D:2      | XOM: polymorph Sigmund the swamp drake -> Sigmund the worm
  2845 | D:2      | Noticed Sigmund
  2845 | D:2      | Sigmund the worm changed into Sigmund the porcupine
  2845 | D:2      | XOM: polymorph Sigmund the worm -> Sigmund the porcupine
  2850 | D:2      | Slain by Sigmund the porcupine

Illustrated notes

Levels and vault maps discovered:
D:1:      dpeg_arrival_circle_labyrinth_a, layout_basic, minmay_unequal
D:2:      layout_basic, first_ration, uniq_sigmund
D:3:      layout_basic, minmay_rat_hole

Skill      XL: |  1  2  3  4 |
---------------+-------------+-----
Dodging        | 2 |  2.7
Maces & Flails | 3 4 |  4.1
Fighting       | 3 |  3.2
Stealth        | |  0.1

Action                   |  1- 3 |  4- 6 || total
-------------------------+-------+-------++-------
Melee: Mace              |    72 |   164 ||   236
Throw: Dart              |       |     5 ||     5
  Use: Potion            |       |     2 ||     2
       Scroll            |       |     3 ||     3
 Stab: Petrifying        |     1 |       ||     1
  Eat: Chunk             |     5 |    17 ||    22
       Ration            |     1 |     1 ||     2
Armor: Robe              |    45 |   107 ||   152
Dodge: Dodged            |    50 |   130 ||   180
